TOP OF THE 1ST |
Washington Nationals batting - Pitching for Philadelphia Phillies : RHP Scott Bernstein
|
Pitching: RHP Scott Bernstein
|
|
Batting: RHB Dave Vargas
|
0-0: Ball 1-0: Fly out, F8 (Line Drive, 8RD, EV 84.4 MPH)
|
Batting: RHB John Sanders
|
0-0: Foul Ball, location: 2F 0-1: Swinging Strike 0-2: Ball 1-2: Strikes out looking
|
Batting: LHB R.J. O'Brien
|
0-0: Ball 1-0: Ball 2-0: Called Strike 2-1: Foul Ball, location: 2F 2-2: Fly out, F7 (Flyball, 7, EV 93.8 MPH)
|
Top of the 1st over - 0 runs, 0 hits, 0 errors, 0 left on base; Washington 0 - Philadelphia 0 |
BOTTOM OF THE 1ST |
Philadelphia Phillies batting - Pitching for Washington Nationals : RHP Danny Diaz
|
Pitching: RHP Danny Diaz
|
|
Batting: LHB Jeff Luvisi
|
0-0: Called Strike 0-1: Ball 1-1: Ground out 4-3 (Groundball, 4, EV 79.4 MPH)
|
Batting: LHB Nick Canizales
|
0-0: Fly out, F9 (Line Drive, 89M, EV 99.4 MPH)
|
Batting: LHB Xavier Pittman
|
0-0: Called Strike 0-1: Called Strike 0-2: Ball 1-2: SINGLE (Line Drive, 78M, EV 104.4 MPH)
|
Batting: RHB Chef Belew
|
0-0: Ball 1-0: Foul Ball, location: 2F Pickoff Throw to First - Out! 1-3 CS
|
Bottom of the 1st over - 0 runs, 1 hit, 0 errors, 0 left on base; Washington 0 - Philadelphia 0 |
TOP OF THE 2ND |
Washington Nationals batting - Pitching for Philadelphia Phillies : RHP Scott Bernstein
|
Batting: LHB Seth Cook
|
0-0: Called Strike 0-1: Swinging Strike 0-2: Strikes out swinging
|
Batting: RHB Dan Fallon
|
0-0: Fly out, F7 (Flyball, 78M, EV 90.6 MPH)
|
Batting: LHB Alexis Cantu
|
0-0: Fly out, F7 (Flyball, 78M, EV 71.9 MPH)
|
Top of the 2nd over - 0 runs, 0 hits, 0 errors, 0 left on base; Washington 0 - Philadelphia 0 |
BOTTOM OF THE 2ND |
Philadelphia Phillies batting - Pitching for Washington Nationals : RHP Danny Diaz
|
Batting: RHB Chef Belew
|
0-0: Called Strike 0-1: Foul Ball, location: 2F 0-2: Foul Ball, location: 2F 0-2: Foul Ball, location: 2F 0-2: Ball 1-2: Foul Ball, location: 2F 1-2: Ball 2-2: Strikes out swinging
|
Batting: LHB Osamu Kubo
|
0-0: Foul Ball, location: 2F 0-1: Ball 1-1: Foul Ball, location: 2F 1-2: Ball 2-2: Foul Ball, location: 2F 2-2: Foul Ball, location: 2F 2-2: Foul Ball, location: 2F 2-2: Strikes out swinging
|
Batting: SHB Lance Franklin
|
0-0: SINGLE (Line Drive, 7LS, EV 104.4 MPH)
|
Batting: LHB Eric Katz
|
0-0: Ground out 4-3 (Groundball, 4, EV 96.9 MPH)
|
Bottom of the 2nd over - 0 runs, 1 hit, 0 errors, 1 left on base; Washington 0 - Philadelphia 0 |
TOP OF THE 3RD |
Washington Nationals batting - Pitching for Philadelphia Phillies : RHP Scott Bernstein
|
Batting: RHB Nate Dickinson
|
0-0: Fly out, F7 (Flyball, 7, EV 75.6 MPH)
|
Batting: RHB Justin Bonner
|
0-0: Foul Ball, location: 2F 0-1: Ball 1-1: Ball 2-1: Fly out, F8 (Flyball, 8LD, EV 91.2 MPH)
|
Batting: RHB Masashi Yukizawa
|
0-0: Ball 1-0: Foul Ball, location: 2F 1-1: Ball 2-1: Foul Ball, location: 2F 2-2: Foul Ball, location: 2F 2-2: Strikes out swinging
|
Top of the 3rd over - 0 runs, 0 hits, 0 errors, 0 left on base; Washington 0 - Philadelphia 0 |
BOTTOM OF THE 3RD |
Philadelphia Phillies batting - Pitching for Washington Nationals : RHP Danny Diaz
|
Batting: RHB Melchor Sovrivilla
|
0-0: Called Strike 0-1: Ball 1-1: SINGLE (Line Drive, 7S, EV 103.1 MPH)
|
Batting: LHB Ryan Trombley
|
0-0: Grounds into double play, 4-6-3 (Groundball, 4, EV 90.6 MPH)
|
Batting: LHB Jeff Luvisi
|
0-0: Ball 1-0: Ball 2-0: Ball 3-0: Called Strike 3-1: Swinging Strike 3-2: Foul Ball, location: 2F 3-2: Foul Ball, location: 2F 3-2: Strikes out looking
|
Bottom of the 3rd over - 0 runs, 1 hit, 0 errors, 0 left on base; Washington 0 - Philadelphia 0 |
TOP OF THE 4TH |
Washington Nationals batting - Pitching for Philadelphia Phillies : RHP Scott Bernstein
|
Batting: RHB Dave Vargas
|
0-0: Foul Ball, location: 2F 0-1: Ground out 4-3 (Groundball, 4, EV 91.2 MPH)
|
Batting: RHB John Sanders
|
0-0: Called Strike 0-1: SOLO HOME RUN (Flyball, 9LD, EV 93.1 MPH), Distance : 362 ft
|
Batting: LHB R.J. O'Brien
|
0-0: Ball 1-0: SINGLE (Groundball, 6D, EV 95.0 MPH)
|
Batting: LHB Seth Cook
|
0-0: Ball 1-0: Foul Ball, location: 2F 1-1: Ball 2-1: Foul Ball, location: 2F 2-2: Fly out, F8 (Flyball, 8RXD, EV 92.5 MPH)
|
Batting: RHB Dan Fallon
|
0-0: Ball 1-0: Ball 2-0: Ground out 4-3 (Groundball, 4, EV 84.4 MPH)
|
Top of the 4th over - 1 run, 2 hits, 0 errors, 1 left on base; Washington 1 - Philadelphia 0 |
BOTTOM OF THE 4TH |
Philadelphia Phillies batting - Pitching for Washington Nationals : RHP Danny Diaz
|
Batting: LHB Nick Canizales
|
0-0: Ball 1-0: Ball 2-0: Ball 3-0: Called Strike 3-1: Base on Balls
|
Batting: LHB Xavier Pittman
|
0-0: Ball Wild Pitch! Nick Canizales to second 1-0: Swinging Strike 1-1: Foul Ball, location: 2F 1-2: Ground out 1-3 (Groundball, 15S, EV 71.9 MPH)
|
Batting: RHB Chef Belew
|
0-0: Fly out, F9 (Flyball, 89D, EV 90.6 MPH) Runner from 2nd tags up, SAFE at 3rd, no throw by RF
|
Batting: LHB Osamu Kubo
|
0-0: Called Strike 0-1: Foul Ball, location: 2F 0-2: Foul Ball, location: 2F 0-2: Ball 1-2: Ball 2-2: Ball 3-2: SINGLE (Line Drive, 56D, EV 105.6 MPH) Nick Canizales scores
|
Batting: SHB Lance Franklin
|
0-0: Ball 1-0: Ball 2-0: Ball 3-0: Base on Balls Osamu Kubo to second
|
Batting: LHB Eric Katz
|
0-0: Ball 1-0: Ball 2-0: Ball 3-0: Called Strike 3-1: Foul Ball, location: 2F 3-2: Strikes out looking
|
Bottom of the 4th over - 1 run, 1 hit, 0 errors, 2 left on base; Washington 1 - Philadelphia 1 |
TOP OF THE 5TH |
Washington Nationals batting - Pitching for Philadelphia Phillies : RHP Scott Bernstein
|
Batting: LHB Alexis Cantu
|
0-0: Called Strike 0-1: Ball 1-1: Ball 2-1: Swinging Strike 2-2: Strikes out swinging
|
Batting: RHB Nate Dickinson
|
0-0: Ball 1-0: Called Strike 1-1: Swinging Strike 1-2: Strikes out looking
|
Batting: RHB Justin Bonner
|
0-0: Called Strike 0-1: Ball 1-1: Ball 2-1: Foul Ball, location: 2F 2-2: Fly out, F9 (Flyball, 9LS, EV 88.1 MPH)
|
Top of the 5th over - 0 runs, 0 hits, 0 errors, 0 left on base; Washington 1 - Philadelphia 1 |
BOTTOM OF THE 5TH |
Philadelphia Phillies batting - Pitching for Washington Nationals : RHP Danny Diaz
|
Batting: RHB Melchor Sovrivilla
|
0-0: Called Strike 0-1: Ground out 5-3 (Groundball, 56, EV 93.1 MPH)
|
Batting: LHB Ryan Trombley
|
0-0: Foul Ball, location: 2F 0-1: Foul Ball, location: 2F 0-2: Ball 1-2: Ball 2-2: Strikes out swinging
|
Batting: LHB Jeff Luvisi
|
0-0: Ball 1-0: Called Strike 1-1: Called Strike 1-2: Ball 2-2: Ground out 5-3 (Groundball, 5, EV 79.4 MPH)
|
Bottom of the 5th over - 0 runs, 0 hits, 0 errors, 0 left on base; Washington 1 - Philadelphia 1 |
TOP OF THE 6TH |
Washington Nationals batting - Pitching for Philadelphia Phillies : RHP Scott Bernstein
|
Batting: RHB Masashi Yukizawa
|
0-0: Ball 1-0: Called Strike 1-1: Ground out 2-3 (Groundball, 2R, EV 65.6 MPH)
|
Batting: RHB Dave Vargas
|
0-0: Ground out U3 (Groundball, 3L, EV 105.6 MPH)
|
Batting: RHB John Sanders
|
0-0: Called Strike 0-1: Ball 1-1: Ball 2-1: SOLO HOME RUN (Flyball, 7LD, EV 98.8 MPH), Distance : 381 ft
|
Batting: LHB R.J. O'Brien
|
0-0: Called Strike 0-1: Called Strike 0-2: Foul Ball, location: 2F 0-2: Ball 1-2: Strikes out swinging
|
Top of the 6th over - 1 run, 1 hit, 0 errors, 0 left on base; Washington 2 - Philadelphia 1 |
BOTTOM OF THE 6TH |
Philadelphia Phillies batting - Pitching for Washington Nationals : RHP Danny Diaz
|
Batting: LHB Nick Canizales
|
0-0: Ball 1-0: SOLO HOME RUN (Flyball, 9D, EV 97.5 MPH), Distance : 380 ft
|
Batting: LHB Xavier Pittman
|
0-0: Foul Ball, location: 2F 0-1: Ball 1-1: Fly out, F5 (Popup, 25, EV 91.2 MPH)
|
Batting: RHB Chef Belew
|
0-0: Called Strike 0-1: Foul Ball, location: 2F 0-2: Strikes out swinging
|
Batting: LHB Osamu Kubo
|
0-0: Ball 1-0: Ball 2-0: Called Strike 2-1: Swinging Strike 2-2: Fly out, F5 (Line Drive, 5L, EV 69.4 MPH)
|
Bottom of the 6th over - 1 run, 1 hit, 0 errors, 0 left on base; Washington 2 - Philadelphia 2 |
TOP OF THE 7TH |
Washington Nationals batting - Pitching for Philadelphia Phillies : RHP Scott Bernstein
|
Batting: LHB Seth Cook
|
0-0: Ball 1-0: Called Strike 1-1: Ball 2-1: Foul Ball, location: 2F 2-2: Foul Ball, location: 2F 2-2: Strikes out looking
|
Batting: RHB Dan Fallon
|
0-0: Ball 1-0: Ball 2-0: Ground out 6-3 (Groundball, 6, EV 101.9 MPH)
|
Batting: LHB Alexis Cantu
|
0-0: Foul Ball, location: 2F 0-1: Ball 1-1: SINGLE (Groundball, 56S, EV 63.1 MPH) (infield hit)
|
Pitching: LHP Ayaz bin Jalal
|
|
Batting: RHB Nate Dickinson
|
0-0: Foul Ball, location: 2F 0-1: Ball Pickoff Throw by Catcher to First - Out!
|
Top of the 7th over - 0 runs, 1 hit, 0 errors, 0 left on base; Washington 2 - Philadelphia 2 |
BOTTOM OF THE 7TH |
Philadelphia Phillies batting - Pitching for Washington Nationals : RHP Danny Diaz
|
Batting: SHB Lance Franklin
|
0-0: Ball 1-0: Fly out, F6 (Popup, 6M, EV 65.6 MPH)
|
Batting: LHB Eric Katz
|
0-0: Ball 1-0: Ground out U3 (Groundball, 3, EV 111.2 MPH)
|
Batting: RHB Melchor Sovrivilla
|
0-0: Ball 1-0: DOUBLE (Flyball, 8RXD, EV 104.4 MPH)
|
Pitching: RHP Kyle Bradley
|
|
Batting: LHB Ryan Trombley
|
0-0: Ball 1-0: Foul Ball, location: 2F 1-1: Foul Ball, location: 2F 1-2: Fly out, F8 (Flyball, 8LXD, EV 85.0 MPH)
|
Bottom of the 7th over - 0 runs, 1 hit, 0 errors, 1 left on base; Washington 2 - Philadelphia 2 |
TOP OF THE 8TH |
Washington Nationals batting - Pitching for Philadelphia Phillies : LHP Ayaz bin Jalal
|
Batting: RHB Nate Dickinson
|
0-0: Ball 1-0: Ball 2-0: Ground out 4-3 (Groundball, 4M, EV 78.1 MPH)
|
Batting: RHB Justin Bonner
|
0-0: Ball 1-0: Called Strike 1-1: Called Strike 1-2: Ball 2-2: Foul Ball, location: 2F 2-2: Ball 3-2: Ground out 4-3 (Groundball, 4, EV 85.6 MPH)
|
Batting: RHB Masashi Yukizawa
|
0-0: Ball 1-0: Foul Ball, location: 2F 1-1: Called Strike 1-2: Ground out 1-3 (Groundball, 34S, EV 70.0 MPH)
|
Top of the 8th over - 0 runs, 0 hits, 0 errors, 0 left on base; Washington 2 - Philadelphia 2 |
BOTTOM OF THE 8TH |
Philadelphia Phillies batting - Pitching for Washington Nationals : RHP Kyle Bradley
|
Batting: LHB Jeff Luvisi
|
0-0: Ball 1-0: Foul Ball, location: 2F 1-1: Swinging Strike 1-2: Ground out 6-3 (Groundball, 6, EV 88.1 MPH)
|
Batting: LHB Nick Canizales
|
0-0: Ball 1-0: Ball 2-0: Foul Ball, location: 2F 2-1: Foul Ball, location: 2F 2-2: Strikes out looking
|
Batting: LHB Xavier Pittman
|
0-0: Called Strike 0-1: Called Strike 0-2: Ball 1-2: Ground out 4-3 (Groundball, 4, EV 103.1 MPH)
|
Bottom of the 8th over - 0 runs, 0 hits, 0 errors, 0 left on base; Washington 2 - Philadelphia 2 |
TOP OF THE 9TH |
Washington Nationals batting - Pitching for Philadelphia Phillies : LHP Ayaz bin Jalal
|
Pitching: RHP Jamie Verberkmoes
|
|
Batting: RHB Dave Vargas
|
0-0: Called Strike 0-1: Ball 1-1: Hit by Pitch
|
Batting: RHB John Sanders
|
0-0: Ball Pickoff Throw to First - Error! E1 Dave Vargas to second 1-0: Sac Bunt to 2R - play at first, batter OUT! 2-4 Dave Vargas to third
|
Batting: LHB R.J. O'Brien
|
0-0: Ground out 4-3 (Groundball, 4S, EV 81.9 MPH)
|
Batting: LHB Seth Cook
|
0-0: Intentional Walk
|
Pinch Hitting: LHB Jae-ik Soung
|
0-0: Ball 1-0: Ball 2-0: Ball 3-0: Base on Balls Seth Cook to second
|
Batting: LHB Alexis Cantu
|
0-0: Swinging Strike 0-1: Ball 1-1: Ball 2-1: Foul Ball, location: 2F 2-2: Ball 3-2: SINGLE (Flyball, 6D, EV 90.6 MPH) Dave Vargas scores Seth Cook to third Jae-ik Soung to second Seth Cook scores Jae-ik Soung to third
|
Batting: RHB Nate Dickinson
|
0-0: Foul Ball, location: 2F 0-1: Ball 1-1: Ball 2-1: Ball 3-1: Ground out 5-3 (Groundball, 56S, EV 66.9 MPH)
|
Top of the 9th over - 2 runs, 1 hit, 1 error, 2 left on base; Washington 4 - Philadelphia 2 |
BOTTOM OF THE 9TH |
Philadelphia Phillies batting - Pitching for Washington Nationals : RHP Kyle Bradley
|
Pitching: LHP Keith Pratt
|
|
Now at C: Kanehisa Kubo
|
|
Batting: RHB Chef Belew
|
0-0: Ball 1-0: Called Strike 1-1: Ground out U3 (Groundball, 34S, EV 86.2 MPH)
|
Batting: SHB Billy Encinias
|
0-0: Called Strike 0-1: Ball 1-1: Fly out, F8 (Flyball, 89D, EV 98.1 MPH)
|
Batting: SHB Lance Franklin
|
0-0: Ball 1-0: Fly out, F9 (Flyball, 9D, EV 80.6 MPH)
|
Bottom of the 9th over - 0 runs, 0 hits, 0 errors, 0 left on base; Washington 4 - Philadelphia 2 |
|